 Dungeon Crawl Stone Soup version 0.29.0-5-ge4962eb29e (webtiles) character file.

Game seed: 2627471671439992343

52375 browni3141 the Destroyer (level 15, -2/125 HPs)
             Began as a Meteoran Delver on Aug 29, 2022.
             Was an Elder of Sif Muna.
             Slain by a tarantella (10 damage)
             ... on level 1 of the Spider Nest.
             The game lasted 01:27:06 (8476 turns).

browni3141 the Destroyer (Meteoran Delver)          Turns: 8476, Time: 01:27:07

Health: -2/125     AC: 15    Str: 14 (15) XL:     15   Next: 45%
Magic:  19/30      EV: 16    Int: 22      God:    Sif Muna [****..]
Gold:   1305       SH:  0    Dex: 16 (17) Spells: 12/34 levels left

rFire   . . .      SeeInvis +   m - +0 war axe
rCold   . . .      Faith    .   (no shield)
rNeg    . . .      Spirit   .   W - +0 acid dragon scales
rPois   +          Reflect  .   X - +0 helmet
rElec   +          Harm     .   U - +0 cloak
rCorr   +          Rampage  .   y - +2 pair of gloves
Will    +....                   C - +0 pair of boots
Stlth   +.........              g - amulet of regeneration
HPRegen 1.10/turn               e - ring of the Messenger {rElec rPois Int+4, @f3}
MPRegen 0.22/turn               v - ring of see invisible

@: channelling, glowing
A: sense surroundings 2, otherworldly, glowing, explore regen
a: Renounce Religion, Channel Magic, Forget Spell, Divine Exegesis


You were on level 1 of the Spider Nest.
You worshipped Sif Muna.
Sif Muna was greatly pleased with you.
You visited 3 branches of the dungeon, and saw 18 of its levels.

You collected 1305 gold pieces.


Innate Abilities, Weirdness & Mutations

You passively map the area around you.
You are easily found by Zot.
You glow in the dark.
You regain HP and MP as you explore.


   Skills:
 + Level 9.6 Fighting
 - Level 10.0 Axes
 - Level 3.0 Ranged Weapons
 + Level 7.7 Armour
 + Level 9.9 Dodging
 - Level 4.0 Stealth
 - Level 10.0 Spellcasting
 - Level 14.0 Conjurations
 - Level 10.0 Fire Magic
 - Level 4.0 Ice Magic
 - Level 4.0 Air Magic
 - Level 3.0 Earth Magic
 - Level 2.0 Poison Magic
 - Level 12.0 Invocations
 - Level 3.0 Evocations


You had 12 spell levels left.
You knew the following spells:

 Your Spells              Type           Power      Damage    Failure   Level
c - Freezing Cloud        Conj/Ice/Air   21%        6-21      12%         5
f - Fireball              Conj/Fire      29%        3d13      1%          5
m - Mephitic Cloud        Conj/Pois/Air  40%        N/A       1%          3
w - Stone Arrow           Conj/Erth      96%        3d13      1%          3
X - Starburst             Conj/Fire      29%        6d9       9%          6

Your spell library contained the following spells:

 Spells                   Type           Power      Damage    Failure   Level
 Foxfire                  Conj/Fire      100%       2x1d9     1%          1
 Magic Dart               Conj           100%       1d8       1%          1
 Searing Ray              Conj           100%       2d8       1%          2
 Dazzling Flash           Conj/Hex       82%        N/A       1%          3
 Sticky Flame             Conj/Fire      59%        2d7       1%          4
 Poisonous Vapours        Pois/Air       48%        N/A       3%          2
 Ignite Poison            Fire/Tmut/Pois 28%        N/A       4%          3
 Iskenderun's Mystic Bla  Conj/Tloc      41%        2d9       4%          4
 Call Imp                 Summ           11%        N/A       12%         2
 Sublimation of Blood     Necr           11%        N/A       12%         2
 Wereblood                Tmut           11%        N/A       12%         2
 Confusing Touch          Hex            11%        N/A       24%         3
 Gell's Gravitas          Tloc           11%        N/A       24%         3
 Portal Projectile        Hex/Tloc       22%        N/A       24%         3
 Teleport Other           Tloc           11%        N/A       24%         3
 Tukima's Dance           Hex            11%        N/A       24%         3
 Cause Fear               Hex            5%         N/A       63%         4
 Blade Hands              Tmut           5%         N/A       92%         5
 Yara's Violent Unravell  Hex/Tmut       5%         3d4       92%         5
 Spellforged Servitor     Conj/Summ      20%        N/A       98%         7
 Dispersal                Tloc           5%         N/A       100%        6
 Summon Hydra             Summ           5%         N/A       100%        7
 Disjunction              Tloc           5%         N/A       100%        8

Inventory:

Hand Weapons
 m - a +0 war axe (weapon)
Missiles
 k - 16 poisoned darts {@f3}
 R - 3 boomerangs of dispersal
Armour
 y - a +2 pair of gloves (worn)
 C - a +0 pair of boots (worn)
 U - a +0 cloak (worn)
 W - +0 acid dragon scales (worn)
 X - a +0 helmet (worn)
Jewellery
 e - the ring of the Messenger (left hand) {rElec rPois Int+4, @f3}
   (You found it on level 5 of the Dungeon)

   [ring of poison resistance]

   Int:       It affects your intelligence (+4).
   rElec:     It insulates you from electricity.
   rPois:     It protects you from poison.
 g - an amulet of regeneration (around neck)
 v - a ring of see invisible (right hand)
 F - a ring of fire
 I - a +6 ring of intelligence
 L - a ring of flight
 N - a ring of positive energy
 P - a ring of poison resistance {@f3}
 Z - a ring of wizardry
Wands
 b - a wand of quicksilver (3)
 d - a wand of flame (21)
 l - a wand of iceblast (9)
 H - a wand of digging (13)
 T - a wand of polymorph (6)
 V - a wand of paralysis (8)
Scrolls
 a - 3 scrolls of poison {@f3}
 c - a scroll of fog {@r5}
 n - a scroll of torment {!r}
 q - 6 scrolls of vulnerability {!r}
 s - 4 scrolls of enchant armour
 u - a scroll of blinking {@r3}
 w - 4 scrolls of teleportation {@r4}
 x - a scroll of noise {!r}
 z - 3 scrolls of butterflies
 A - 3 scrolls of magic mapping
 D - a scroll of enchant weapon
 Q - 2 scrolls of fear
 Y - a scroll of amnesia
Potions
 f - a potion of haste {@q3}
 h - 2 potions of degeneration {!q}
 i - 3 potions of brilliance
 j - 9 potions of attraction {!q}
 p - 3 potions of curing {@q1}
 r - 3 potions of might
 t - 2 potions of resistance
 B - 2 potions of ambrosia
 E - 2 potions of lignification {!q}
 G - 4 potions of heal wounds {@q2}
 J - 3 potions of flight
 K - a potion of invisibility {unknown}
 M - 2 potions of berserk rage {!q}
 O - 4 potions of mutation {!q}
Miscellaneous
 o - a tin of tremorstones (inert) {@f1}

Dungeon Overview and Level Annotations

Branches:
Dungeon (12/15) Zot: 1051  Temple (0/1) D:4            Lair (5/5) D:11 Zot: 773
 Shoals (0/4) Lair:3       Spider (1/4) Lair:3 Zot: 474   Slime (0/5) Lair:4
    Orc (0/2) D:11

Altars:
Ashenzari
Cheibriados
Dithmenos
Gozag
Hepliaklqana
Ru
Sif Muna
Trog
Uskayaw
Vehumet
Wu Jian
Xom
Yredelemnul
Zin
The Shining One
Jiyva

Portals:
Trove: D:11 (give +3 shadow dragon scales)

Annotations:
D:5 3 runed translucent doors, exclusions: 3 doors and gnoll, BuzzyBeetle's ghost, novice GnWn
D:8 Amaemon

####..#..#........
#.#§>.....†..#.#.#
###..s#.#...#.......
####........###.#...##.
#..#.#.#......#........
##...#...#...#..#....#.
#.....#...#..#..#...#..
#.....s...†..#..#...#..
* .##..@.#...^....#.#.,
**,
#....#....#..#.#..#, *,
#.##.#.#.†^#†...# , * ,
* ....#†.#...#....# , ,
.#....(..#.....#... *,
.....#^#.^...##...,.,
..#..#†#.#....#...#^ ,
........#...#......# *
.#.....†.#.#......#.. ,


You could see a tarantella and a redback.


Message History

The ghost moth hits you.
* * * LOW HITPOINT WARNING * * *
You feel clumsy. The ghost moth stings you.
* * * LOW HITPOINT WARNING * * *
The ghost moth hits you but does no damage.
The ghost moth hits you.
* * * LOW HITPOINT WARNING * * *
The ghost moth stings you.
* * * LOW HITPOINT WARNING * * *
A redback comes into view.
The ghost moth stares at you.
You feel your power leaking away. The ghost moth hits you!
* * * LOW HITPOINT WARNING * * *
The ghost moth hits you but does no damage.
The ghost moth stings you!
* * * LOW HITPOINT WARNING * * *
You feel weakened.
Unknown command.
Blink to where?
Press: ? - help, Dir - move target
As you read the scroll of blinking {@r3}, it crumbles to dust.
A tarantella comes into view.
The tarantella's many legs skitter faintly.
Blink to where?
Press: ? - help, Dir - move target
As you read the scroll of blinking {@r3}, it crumbles to dust.
The tarantella touches you!
You die...

Skill      XL: |  1  2  3  4  5  6  7  8  9 10 11 12 13 14 15 |
---------------+----------------------------------------------+-----
Axes           | 3 4 5 6 9 10 | 10.0
Fighting       | 4 5 8 9 |  9.6
Ranged Weapons | 1 2 3 |  3.0
Armour         | 2 5 6 7 |  7.7
Evocations     | 3 |  3.0
Dodging        | 3 8 9 |  9.9
Stealth        | 4 |  4.0
Spellcasting   | 3 5 7 8 9 10 | 10.0
Conjurations   | 2 9 11 12 14 | 14.0
Earth Magic    | 2 3 |  3.0
Air Magic      | 2 4 |  4.0
Poison Magic   | 2 |  2.0
Fire Magic     | 9 10 | 10.0
Invocations    | 7 10 12 | 12.0
Ice Magic      | 1 4 |  4.0

Action                   |  1- 3 |  4- 6 |  7- 9 | 10-12 | 13-15 || total
-------------------------+-------+-------+-------+-------+-------++-------
Melee: Hand axe          |    28 |    46 |   337 |   185 |       ||   596
       Punch             |       |       |     5 |     1 |     3 ||     9
       War axe           |       |       |       |    56 |   215 ||   271
       Unarmed           |       |       |       |     6 |       ||     6
 Fire: Sling             |       |    38 |   141 |    14 |       ||   193
Throw: Dart              |     4 |     3 |    19 |     3 |       ||    29
       Throwing net      |       |       |     2 |       |       ||     2
 Cast: Stone Arrow       |       |       |       |    59 |   144 ||   203
       Mephitic Cloud    |       |       |       |    21 |     7 ||    28
       Fireball          |       |       |       |    14 |    19 ||    33
       Starburst         |       |       |       |     6 |    68 ||    74
       Freezing Cloud    |       |       |       |       |     5 ||     5
Invok: Channel Magic     |       |       |       |       |    15 ||    15
Evoke: Wand              |     6 |    14 |    11 |     9 |     3 ||    43
       Tin of tremorston |       |       |       |       |     2 ||     2
  Use: Scroll            |     3 |       |     8 |     7 |     9 ||    27
       Potion            |     3 |     1 |     7 |     4 |     4 ||    19
 Stab: Paralysed         |       |       |     7 |       |     1 ||     8
       Confused          |       |       |       |    23 |     3 ||    26
Armor: Leather armour    |     5 |     6 |       |       |       ||    11
       Skin              |     8 |    11 |     6 |       |       ||    25
       Scale mail        |       |    16 |   212 |    19 |       ||   247
       Steam dragon scal |       |       |       |    49 |       ||    49
       Acid dragon scale |       |       |       |    57 |   162 ||   219
Dodge: Dodged            |    20 |    26 |   170 |   155 |   269 ||   640

Levels and vault maps discovered:
D:1:      sevenhm_arrival_forest_fort_small_6, layout_basic,
          basic_ecumenical_altar, corexii_item_surrounded_by_moat,
          chequers_serial_rivers_room_a
D:2:      layout_basic, uniq_terence, uniq_jessica, uniq_robin
D:3:      layout_basic, mainiacjoe_overflow_concentric_impassable,
          trog_three_pillars_becter, serial_corexii_hall,
          corexii_hall_statues_x, corexii_hall_statues_deadend, uniq_grinder
D:4:      layout_loops_cross, nicolae_gozag_conspicuous_consumption,
          minmay_temple_entry_slanted, minmay_crystal_water,
          minmay_fractal_squares_5
D:5:      layout_gridville, kennysheep_slug_shrine,
          mainiacjoe_overflow_24_doors, mainiacjoe_overflow_cross_hatched,
          overflow_temple_1_default, ebering_ghost_rock_garden
D:6:      layout_basic, nicolae_wu_jian_wuxing_cycle, vehumet_altar_wand_db,
          uniq_prince_ribbit1, uniq_menkaure
D:7:      layout_basic, uniq_maggie
D:8:      layout_rooms, mainiacjoe_overflow_six_doors_small, uniq_amaemon
D:9:      layout_loops_corners, nicolae_overflow_hidden_temple, minivault_11,
          uniq_pikel
D:10:     layout_roguey, nicolae_overflow_quartered_altars
D:11:     minmay_mutant_horseshoe, layout_irregular_city,
          erik_lair_orcish_takeover, orc_0_dummy, nicolae_trove_entry_isolated,
          chequers_serial_rivers_small_b, small_statue_intersection,
          nicolae_dithmenos_shadow_blocks
D:12:     layout_roguey
Lair:1:   layout_misc_corridors, minmay_stone_trees_small,
          serial_bayou_lagoon_a, grunt_megastairs_3, uniq_urug
Lair:2:   layout_roguey
Lair:3:   layout_chaotic_city, minmay_shoals_entry_beasts,
          hellmonk_spider_entry_life_and_decay, cheibrodos_lair_caveside_slide,
          lemuel_fruit_fields, lemuel_fruit_tree
Lair:4:   layout_regular_city, slime_entry_1, lemuel_centaur_altar
Lair:5:   hangedman_lair_caniforms_friends, layout_long_grid, wormcave,
          st_stairs_5, uniq_josephine
Spider:1: layout_spider_delve, nicolae_spider_eight_legs,
          hangedman_spider_tarantella_strand

Notes
Turn   | Place    | Note
-------+----------+-------------------------------------------
     0 | D:5      | browni3141 the Meteoran Delver began the quest for the Orb.
     0 | D:5      | Reached XP level 1. HP: 19/19 MP: 2/2
     1 | D:6      | Noticed a bullfrog
    22 | D:5      | Noticed an ice beast
   102 | D:5      | Noticed a scorpion
   141 | D:5      | Found a shimmering blue altar of Sif Muna.
   151 | D:5      | Became a worshipper of Sif Muna the Loreminder
   209 | D:5      | Found a snail-covered altar of Cheibriados.
   263 | D:4      | Reached skill level 3 in Axes
   263 | D:4      | Reached XP level 2. HP: 10/26 MP: 3/3
   282 | D:5      | Identified the ring of the Messenger {rElec rPois Int+4}
   343 | D:4      | Reached XP level 3. HP: 31/31 MP: 4/4
   359 | D:4      | HP: 3/31 [something/magic dart (6)]
   359 | D:4      | HP: 1/31 [adder (2)]
   364 | D:4      | Reached skill level 4 in Axes
   364 | D:4      | HP: 3/46 [something (2)]
   371 | D:4      | Reached XP level 4. HP: 2/38 MP: 5/5
   372 | D:4      | Reached skill level 5 in Axes
   451 | D:4      | Reached skill level 4 in Fighting
   451 | D:4      | Reached XP level 5. HP: 20/46 MP: 6/6
   595 | D:5      | Reached skill level 1 in Ranged Weapons
   697 | D:4      | Reached XP level 6. HP: 46/53 MP: 7/7
   709 | D:5      | Reached skill level 1 in Armour
   805 | D:3      | Noticed Grinder
   815 | D:3      | Paralysed by Grinder for 5 turns
   832 | D:3      | Paralysed by Grinder for 4 turns
   841 | D:3      | Killed Grinder
   842 | D:3      | Reached skill level 5 in Fighting
   842 | D:3      | Reached skill level 2 in Ranged Weapons
   842 | D:3      | Reached skill level 2 in Armour
   842 | D:3      | Reached skill level 3 in Evocations
   842 | D:3      | Reached XP level 7. HP: 61/61 MP: 8/8
   892 | D:3      | Found a bloodstained altar of Trog.
   912 | D:2      | Identified a potion of resistance
  1129 | D:1      | Reached skill level 3 in Ranged Weapons
  1232 | D:1      | Reached * piety under Sif Muna
  1379 | D:2      | Noticed Robin
  1401 | D:2      | Killed Robin
  1456 | D:2      | Noticed Jessica
  1464 | D:2      | Killed Jessica
  1479 | D:2      | Reached skill level 3 in Dodging
  1530 | D:2      | Reached skill level 4 in Stealth
  1631 | D:3      | Found a glowing silver altar of Zin.
  1912 | D:3      | Reached ** piety under Sif Muna
  2036 | D:2      | Noticed Terence
  2045 | D:2      | Killed Terence
  2063 | D:2      | Reached skill level 6 in Axes
  2238 | D:4      | Reached XP level 8. HP: 66/68 MP: 9/9
  2243 | D:4      | Found an opulent altar of Gozag.
  2248 | D:4      | Found an opulent altar of Gozag.
  2248 | D:4      | Found an opulent altar of Gozag.
  2267 | D:4      | Found an opulent altar of Gozag.
  2495 | D:4      | Reached skill level 7 in Axes
  2529 | D:4      | Found a staircase to the Ecumenical Temple.
  2620 | D:5      | Found a runed translucent gate.
  2620 | D:5      | Found a runed translucent gate.
  2620 | D:5      | Found a runed translucent gate.
  2620 | D:5      | Noticed BuzzyBeetle's ghost (novice GnWn)
  2716 | D:4      | Reached skill level 8 in Axes
  2756 | D:5      | Reached skill level 1 in Spellcasting
  2844 | D:5      | Found a broken altar of Ashenzari.
  2923 | D:6      | Reached skill level 2 in Spellcasting
  2948 | D:6      | Reached skill level 3 in Spellcasting
  3011 | D:6      | Reached skill level 9 in Axes
  3011 | D:6      | Gained mutation: You passively map the area around you.
                  | [Meteoran growth]
  3011 | D:6      | Reached XP level 9. HP: 19/74 MP: 14/14
  3069 | D:6      | Noticed Prince Ribbit
  3095 | D:6      | Killed Prince Ribbit
  3141 | D:6      | Noticed Menkaure
  3155 | D:6      | Reached skill level 10 in Axes
  3161 | D:6      | HP: 8/111 [Menkaure (12)]
  3164 | D:6      | Killed Menkaure
  3202 | D:6      | Found a radiant altar of Vehumet.
  3209 | D:6      | Reached skill level 6 in Fighting
  3375 | D:6      | Reached skill level 7 in Fighting
  3383 | D:6      | Found an ornate altar of the Wu Jian Council.
  3454 | D:6      | Glimpsed the power of Zot.
  3471 | D:7      | Reached *** piety under Sif Muna
  3485 | D:7      | Got the Treatise on Damage Dealing
  3509 | D:7      | Learned a level 3 spell: Stone Arrow
  3585 | D:7      | Reached skill level 8 in Fighting
  3585 | D:7      | Reached skill level 1 in Conjurations
  3585 | D:7      | Reached skill level 1 in Earth Magic
  3603 | D:7      | Reached skill level 2 in Conjurations
  3603 | D:7      | Reached skill level 2 in Earth Magic
  3603 | D:7      | Reached XP level 10. HP: 26/88 MP: 15/15
  3609 | D:7      | Reached skill level 3 in Conjurations
  3609 | D:7      | Reached skill level 3 in Earth Magic
  3612 | D:7      | Reached skill level 4 in Conjurations
  3679 | D:7      | Reached skill level 5 in Conjurations
  3709 | D:7      | Learned a level 3 spell: Mephitic Cloud
  3728 | D:7      | Noticed Maggie
  3784 | D:7      | Killed Maggie
  3785 | D:7      | Reached skill level 6 in Conjurations
  3785 | D:7      | Reached skill level 2 in Air Magic
  3785 | D:7      | Reached skill level 2 in Poison Magic
  4149 | D:8      | Noticed Amaemon
  4157 | D:7      | Reached skill level 4 in Spellcasting
  4172 | D:7      | HP: 7/88 [killer bee (8)]
  4174 | D:7      | Reached skill level 7 in Conjurations
  4237 | D:8      | Noticed an orange demon
  4305 | D:8      | Reached skill level 5 in Spellcasting
  4323 | D:8      | Reached skill level 8 in Conjurations
  4364 | D:8      | Found a hazy altar of Hepliaklqana.
  4453 | D:8      | Killed an orange demon
  4454 | D:8      | Reached skill level 9 in Conjurations
  4454 | D:8      | Reached XP level 11. HP: 94/94 MP: 11/19
  4647 | D:8      | Learned a level 5 spell: Fireball
  4774 | D:9      | Reached skill level 1 in Fire Magic
  4828 | D:10     | Entered Level 10 of the Dungeon
  4887 | D:9      | Reached skill level 2 in Fire Magic
  4904 | D:9      | Reached **** piety under Sif Muna
  4913 | D:9      | Reached skill level 10 in Conjurations
  4913 | D:9      | Reached skill level 3 in Fire Magic
  5013 | D:9      | Noticed Pikel
  5022 | D:9      | Killed Pikel
  5023 | D:9      | Reached skill level 5 in Fire Magic
  5058 | D:9      | Found a shimmering altar of Xom.
  5160 | D:10     | Paralysed by a hornet for 3 turns
  5229 | D:10     | Identified a potion of experience
  5230 | D:10     | Reached skill level 7 in Spellcasting
  5230 | D:10     | Reached skill level 11 in Conjurations
  5230 | D:10     | Reached skill level 9 in Fire Magic
  5230 | D:10     | Reached XP level 12. HP: 101/101 MP: 19/24
  5238 | D:10     | Learned a level 6 spell: Starburst
  5404 | D:10     | Reached skill level 10 in Fire Magic
  5443 | D:10     | Reached skill level 1 in Invocations
  5452 | D:10     | Reached skill level 8 in Spellcasting
  5457 | D:10     | Reached skill level 2 in Invocations
  5481 | D:10     | Found a hide-covered altar of Uskayaw.
  5483 | D:10     | Found a glowing golden altar of the Shining One.
  5484 | D:10     | Found a sacrificial altar of Ru.
  5535 | D:10     | Reached skill level 3 in Invocations
  5560 | D:11     | Found a portal to a secret trove of treasure.
  5667 | D:11     | Found a staircase to the Lair.
  5671 | D:11     | Reached skill level 4 in Invocations
  5798 | D:11     | Reached skill level 12 in Conjurations
  5859 | D:11     | Reached skill level 5 in Invocations
  5877 | D:11     | Reached skill level 6 in Invocations
  5879 | D:11     | Noticed a six-headed hydra
  5884 | D:11     | Killed a six-headed hydra
  5898 | D:11     | Identified the ring "Goevoof" {Fire Str+2 Dex+3 Stlth-}
  5898 | D:11     | Noticed a yaktaur captain
  5899 | D:11     | Noticed a deep troll earth mage
  5925 | D:11     | Found a staircase to the Orcish Mines.
  5935 | D:11     | Found a shadowy altar of Dithmenos.
  5939 | D:11     | Reached skill level 7 in Invocations
  5939 | D:11     | Reached XP level 13. HP: 106/107 MP: 15/26
  6030 | D:11     | Reached skill level 8 in Invocations
  6038 | D:11     | Noticed a centaur warrior
  6050 | D:11     | Killed a centaur warrior
  6145 | Lair:1   | Entered Level 1 of the Lair of Beasts
  6160 | Lair:1   | Reached skill level 9 in Invocations
  6177 | Lair:1   | Noticed Urug
  6187 | Lair:1   | Killed Urug
  6270 | Lair:1   | Reached skill level 10 in Invocations
  6382 | Lair:1   | Reached skill level 3 in Armour
  6449 | Lair:1   | Reached ***** piety under Sif Muna
  6450 | Lair:1   | Reached skill level 4 in Dodging
  6507 | Lair:2   | Reached skill level 4 in Armour
  6564 | Lair:2   | Reached skill level 5 in Dodging
  6676 | Lair:2   | Reached skill level 5 in Armour
  6678 | Lair:2   | Reached skill level 6 in Dodging
  6722 | Lair:2   | Received a gift from Sif Muna
  6723 | Lair:2   | Got Sif Muna's Teachings on Venomous Ensorcelling {god
                  | gift}
  6745 | Lair:2   | Noticed an eight-headed hydra
  6751 | Lair:2   | Killed an eight-headed hydra
  6752 | Lair:2   | Reached skill level 7 in Dodging
  6852 | Lair:3   | Found a hole to the Spider Nest.
  6928 | Lair:3   | Reached skill level 8 in Dodging
  7040 | Lair:3   | Found a staircase to the Shoals.
  7061 | Lair:3   | Learned a level 5 spell: Freezing Cloud
  7077 | Lair:3   | Reached skill level 9 in Spellcasting
  7168 | Lair:3   | Noticed a seven-headed hydra
  7174 | Lair:3   | Killed a seven-headed hydra
  7175 | Lair:3   | Reached skill level 1 in Ice Magic
  7247 | Lair:4   | Reached XP level 14. HP: 115/115 MP: 26/28
  7338 | Lair:4   | Found a viscous altar of Jiyva.
  7338 | Lair:4   | Found a staircase to the Slime Pits.
  7390 | Lair:4   | Reached skill level 3 in Air Magic
  7424 | Lair:4   | Reached skill level 2 in Ice Magic
  7452 | Lair:4   | Reached skill level 13 in Conjurations
  7641 | Lair:4   | Found a basalt altar of Yredelemnul.
  7721 | Lair:5   | Entered Level 5 of the Lair of Beasts
  7727 | Lair:5   | Reached skill level 3 in Ice Magic
  7727 | Lair:5   | Reached skill level 4 in Air Magic
  7737 | Lair:5   | Reached skill level 4 in Ice Magic
  7738 | Lair:5   | Reached skill level 14 in Conjurations
  7821 | Lair:5   | Reached skill level 11 in Invocations
  7822 | Lair:5   | Noticed Josephine
  7826 | Lair:5   | Reached skill level 12 in Invocations
  7828 | Lair:5   | Received a gift from Sif Muna
  7835 | Lair:5   | Killed Josephine
  7837 | Lair:5   | Reached skill level 10 in Spellcasting
  7843 | Lair:5   | Got Sif Muna's Compendium of Confrontation {god gift}
  8057 | Lair:5   | Found a runed translucent door.
  8094 | Lair:5   | Reached skill level 6 in Armour
  8094 | Lair:5   | Reached XP level 15. HP: 123/123 MP: 15/30
  8146 | Lair:5   | Reached skill level 9 in Dodging
  8194 | Lair:5   | Reached skill level 9 in Fighting
  8350 | Spider:1 | Entered Level 1 of the Spider Nest
  8351 | Spider:1 | Noticed a broodmother
  8360 | Spider:1 | Killed a broodmother
  8361 | Spider:1 | Reached skill level 7 in Armour
  8436 | Spider:1 | Noticed a ghost moth
  8472 | Spider:1 | HP: 3/125 [ghost moth (10)]
  8476 | Spider:1 | Slain by a tarantella

Vanquished Creatures
  A broodmother (Spider:1)
  Josephine (Lair:5)
  An ice dragon (Lair:5)
  A centaur warrior (D:11)
  5 hydras
  A radroach (Spider:1)
  4 death yaks (Lair:5)
  Urug (Lair:1)
  An orb spider (Spider:1)
  A steelbarb worm (Spider:1)
  2 lindwurms (Lair:5)
  Pikel (D:9)
  A wolf spider (Spider:1)
  A manticore (Lair:3)
  7 elephants
  4 black mambas
  5 torpor snails (Lair:5)
  2 rime drakes
  An orange demon (D:8)
  Maggie (D:7)
  7 cane toads
  An unseen horror (D:11)
  A demonic crawler (Spider:1)
  2 kobold demonologists (D:11)
  11 komodo dragons
  A troll (D:10)
  A polar bear (Lair:5)
  9 hornets
  3 tyrant leeches (Lair:5)
  13 blink frogs
  Prince Ribbit (D:6)
  2 tarantellas (Spider:1)
  Grinder (D:3)
  A wind drake (Lair:3)
  A jumping spider (Spider:1)
  A vampire (D:11)
  2 wyverns
  34 yaks
  4 wraiths (Lair:5)
  7 culicivoras
  A basilisk (Lair:1)
  6 redbacks (Spider:1)
  8 vampire mosquitoes (D:11)
  Menkaure (D:6)
  3 wargs
  2 acid dragons
  12 water moccasins
  3 sky beasts
  A black bear (D:4)
  3 orc warriors
  An ice beast (D:6)
  An ogre (D:6)
  14 wolves
  9 centaurs
  A lemure (D:9)
  2 kobold brigands
  12 bullfrogs
  A necrophage (D:8)
  A scorpion (D:6)
  10 wights
  4 killer bees (D:7)
  An electric eel (Lair:1)
  A howler monkey (D:7)
  4 jellies
  A gnoll bouda (D:4)
  4 orc priests
  4 hounds
  Jessica (D:2)
  Terence (D:2)
  13 hell rats (Lair:2)
  9 orc wizards
  2 iguanas
  Robin (D:2)
  10 adders
  5 gnolls (D:4)
  A shadow imp (D:8)
  5 white imps
  3 worms (D:2)
  3 dart slugs
  24 orcs
  2 endoplasms
  3 giant cockroaches
  14 goblins
  11 hobgoblins
  4 jackals
  16 kobolds
  3 quokkas
  4 ball pythons
  3 bats
  2 frilled lizards
  5 rats
401 creatures vanquished.

Vanquished Creatures (others)
  An orc wizard (D:9)
  23 fungi
  42 plants
66 creatures vanquished.

Grand Total: 467 creatures vanquished

Table legend: (Time is in decaauts)
 A = Elapsed time spent in this place.
 B = Non-inter-level travel time spent in this place.
 C = Inter-level travel time spent in this place.
 D = Time resting spent in this place.
 E = Time spent auto-exploring this place.
 F = Levels seen in this place.
 G = Mean time per level.
                   A        B        C        D        E       F      G
               +--------+--------+--------+--------+--------+-----+--------+
         Total |   8500 |   8016 |    484 |     72 |      0 |  18 |  472.2 |
       Dungeon |   6148 |   5749 |    399 |     61 |      0 |  12 |  512.3 |
          Lair |   2226 |   2142 |     84 |      6 |      0 |   5 |  445.2 |
   Spider Nest |    124 |    124 |      0 |      5 |      0 |   1 |  124.0 |
               +--------+--------+--------+--------+--------+-----+--------+

Top non-repeatable levels by time:
     D:5: 741 daAuts
     D:7: 731 daAuts
     D:4: 724 daAuts
     D:9: 626 daAuts
  Lair:5: 607 daAuts
    D:11: 585 daAuts
     D:3: 552 daAuts
     D:6: 540 daAuts
     D:2: 520 daAuts
  Lair:4: 494 daAuts
     D:1: 429 daAuts
  Lair:3: 419 daAuts
    D:10: 417 daAuts
  Lair:2: 386 daAuts
  Lair:1: 319 daAuts

Table legend:
 A = Non-vault XP
 B = Vault XP
 C = Vault XP percentage of total XP
 D = Non-vault monster count
 E = Vault monster count
 F = Vault count percentage of total count
                 A         B        C        D         E       F
            +---------+---------+-------+---------+---------+-------
      Total |   49103 |   18057 |  26.9 |     328 |      73 |  18.2
            +---------+---------+-------+---------+---------+-------
        D:1 |      24 |       0 |   0.0 |      14 |       0 |   0.0
        D:2 |      47 |     105 |  69.1 |      17 |      13 |  43.3
        D:3 |      46 |     262 |  85.1 |      12 |       1 |   7.7
        D:4 |     580 |      94 |  13.9 |      32 |       4 |  11.1
        D:5 |     148 |       4 |   2.6 |      12 |       1 |   7.7
        D:6 |     935 |     444 |  32.2 |      16 |       3 |  15.8
        D:7 |    2015 |     398 |  16.5 |      26 |       1 |   3.7
        D:8 |    1486 |     399 |  21.2 |      14 |       1 |   6.7
        D:9 |    1080 |     617 |  36.4 |       9 |       1 |  10.0
       D:10 |    2526 |       0 |   0.0 |      22 |       0 |   0.0
       D:11 |    3232 |    2231 |  40.8 |      21 |       9 |  30.0
     Lair:1 |    2462 |     985 |  28.6 |      12 |       2 |  14.3
     Lair:2 |    4041 |       0 |   0.0 |      31 |       0 |   0.0
     Lair:3 |    5238 |    1202 |  18.7 |      12 |       4 |  25.0
     Lair:4 |    4267 |     455 |   9.6 |      15 |       4 |  21.1
     Lair:5 |   13694 |   10861 |  44.2 |      43 |      29 |  40.3
   Spider:1 |    7282 |       0 |   0.0 |      20 |       0 |   0.0
            +---------+---------+-------+---------+---------+-------
